Map: Triton LE

Players

Harstem - Winner!

  • Race: Protoss Protoss
  • League: Grandmaster
  • Spawn Location: 5:00

IIIIIIIII

  • Race: Zerg Zerg
  • Spawn Location: 11:00

VOD

https://youtu.be/gnlP0miYF9k

Description

Time

  • Played on: Oct. 12, 2019, 9:50 a.m.
  • Length: 12:14
Show
View Real Time Build Order
Export as new Build Order

Harstem Protoss - Winner!

Build Orders: 1 Gate Expand, Oracle Opening, Archon Immortal 

Get SALT Encoding   

  12  0:00  Probe  
  13  0:12  Probe  
  14  0:19  Pylon  
  14  0:24  Probe (Chrono Boost)  
  15  0:37  Probe (Chrono Boost)  
  15  0:40  Gateway  
  16  0:46  Probe (Chrono Boost)  
  16  0:48  Assimilator  
  17  0:52  Probe  
  18  1:04  Probe  
  19  1:16  Probe  
  20  1:24  Nexus  
  20  1:32  Cybernetics Core  
  20  1:35  Probe  
  21  1:40  Assimilator  
  21  1:47  Probe  
  21  1:50  Pylon  
  22  1:59  Probe  
  23  2:06  Adept (Chrono Boost)  
  23  2:11  Probe  
  23  2:14  Stargate  
  26  2:23  Probe  
  26  2:26  Stalker (Chrono Boost)  
  29  2:34  Warp Gate  
  29  2:36  Probe (Chrono Boost)  
  31  2:42  Probe (Chrono Boost)  
  31  2:45  Probe (Chrono Boost)  
  31  2:49  Probe (Chrono Boost)  
  31  2:50  Probe (Chrono Boost)  
  34  3:00  Oracle (Chrono Boost), Probe  
  34  3:02  Probe  
  39  3:08  Pylon  
  39  3:12  Probe  
  40  3:15  Probe  
  40  3:16  Gateway  
  41  3:24  Probe  
  41  3:27  Probe  
  43  3:28  Oracle (Chrono Boost)  
  46  3:36  Probe  
  46  3:39  Probe  
  48  3:42  Assimilator  
  48  3:44  Assimilator  
  48  3:48  Robotics Facility  
  48  3:49  Probe  
  48  3:51  Probe  
  48  3:53  Pylon  
  50  4:01  Probe  
  50  4:02  Nexus  
  51  4:03  Probe  
  51  4:07  Pylon  
  52  4:15  Probe (Chrono Boost)  
  54  4:17  Probe (Chrono Boost)  
  54  4:20  Pylon  
  54  4:24  Sentry x2  
  54  4:25  Probe (Chrono Boost)  
  54  4:28  Probe (Chrono Boost)  
  60  4:31  Probe  
  60  4:35  Forge  
  60  4:36  Twilight Council  
  60  4:37  Probe  
  63  4:38  Observer  
  63  4:43  Probe  
  63  4:45  Pylon  
  64  4:49  Probe  
  64  4:52  Gateway  
  65  4:53  Gateway  
  65  4:55  Probe  
  65  4:59  Zealot  
  68  5:01  Probe  
  69  5:08  Immortal, Probe (Chrono Boost)  
  75  5:16  Probe (Chrono Boost)  
  75  5:18  Probe (Chrono Boost)  
  75  5:19  Protoss Ground Weapons Level 1  
  75  5:21  Charge  
  77  5:22  Probe (Chrono Boost)  
  77  5:27  Templar Archives, Probe (Chrono Boost)  
  77  5:28  Probe (Chrono Boost)  
  79  5:31  Probe (Chrono Boost)  
  79  5:32  Assimilator  
  79  5:33  Probe (Chrono Boost)  
  81  5:36  Probe (Chrono Boost)  
  81  5:38  Probe  
  81  5:39  Assimilator  
  81  5:41  Pylon, Probe  
  84  5:46  Immortal (Chrono Boost)  
  84  5:47  Probe  
  89  5:50  Probe  
  91  6:02  Void Ray  
  94  6:06  Gateway x2  
  94  6:07  Shield Battery  
  94  6:08  Sentry  
  94  6:10  Photon Cannon  
  96  6:16  Gateway, Probe  
  96  6:17  Warp Prism (Chrono Boost)  
  99  6:22  Zealot, High Templar x2  
  99  6:23  Pylon  
  99  6:24  Probe  
  106  6:26  Pylon  
  106  6:27  Archon  
  106  6:40  Probe  
  106  6:41  Zealot  
  106  6:42  Probe  
  106  6:44  Gateway  
  106  6:45  Gateway  
  110  6:49  Pylon  
  110  6:51  Gateway  
  110  6:52  Zealot  
  112  7:02  Stalker x2  
  112  7:06  Immortal (Chrono Boost)  
  116  7:10  Pylon  
  116  7:12  High Templar  
  116  7:13  Zealot, High Templar x3  
  130  7:16  Pylon  
  130  7:18  Pylon x2  
  130  7:20  Archon  
  130  7:32  Zealot x2  
  130  7:35  Zealot  
  136  7:39  Immortal (Chrono Boost), Protoss Ground Weapons Level 2 (Chrono Boost)  
  136  7:40  High Templar, Archon  
  136  7:41  High Templar  
  142  7:46  Archon  
  142  7:48  Pylon  
  142  7:50  Pylon, Zealot x2  
  142  7:51  Pylon, Zealot  
  148  7:53  Shield Battery  
  148  7:57  Shield Battery  
  144  8:03  Zealot, High Templar x2  
  144  8:04  Zealot x2  
  154  8:08  Archon  
  154  8:09  Immortal (Chrono Boost)  
  158  8:17  Observer  
  158  8:18  Zealot x2  
  158  8:19  Zealot x3  
  168  8:24  Psionic Storm  
  168  8:29  Zealot x3  
  168  8:33  Nexus  
  174  8:39  Probe  
  171  8:50  Observer (Chrono Boost)  
  172  8:58  High Templar x3  
  172  9:02  Pylon  
  172  9:08  Warp Prism (Chrono Boost), Zealot x7  
  188  9:11  Pylon  
  188  9:16  Pylon  
  188  9:29  High Templar x3  
  194  9:31  Pylon  
  194  9:35  Pylon  
  194  9:37  Gateway  
  194  9:42  Gateway  
  194  9:50  Zealot x3  
  199  9:57  Zealot x4  
  193  10:07  Zealot x3  
  193  10:27  Fleet Beacon, Stargate  
  189  10:28  Stargate  
  189  10:32  High Templar  
  189  10:33  Zealot, High Templar x3  
  189  10:34  Zealot x2  
  199  10:37  Archon x2, Assimilator x2  
  199  10:39  Photon Cannon  
  199  10:40  Photon Cannon  
  199  10:43  Photon Cannon  
  193  10:59  Zealot x2  
  193  11:00  Zealot x2  
  193  11:04  Zealot x3  
  187  11:10  Zealot x5  
  187  11:11  Probe  
  176  11:16  Probe  
  176  11:17  Probe x2  
  179  11:23  Zealot x4  
  179  11:33  Archon  
  179  11:35  Zealot x2  
  179  11:36  Zealot x5  
  192  11:51  Zealot x2  
  192  11:52  Zealot x3  
Show
View Real Time Build Order
Export as new Build Order

IIIIIIIII Zerg 

Build Orders: Hatch First, Swarm Host 

Get SALT Encoding   

  12  0:00  Drone  
  13  0:13  Overlord  
  13  0:20  Drone  
  14  0:31  Drone x2  
  16  0:49  Hatchery  
  15  0:52  Drone  
  15  0:55  Drone  
  17  0:58  Drone  
  18  1:09  Extractor  
  17  1:14  Spawning Pool  
  17  1:17  Drone  
  17  1:20  Drone  
  18  1:28  Drone  
  19  1:39  Drone  
  20  1:50  Overlord  
  20  2:01  Queen x2  
  22  2:02  Zergling x4  
  26  2:12  Drone x2  
  28  2:22  Drone x2  
  30  2:29  Hatchery  
  29  2:37  Drone, Pneumatized Carapace  
  29  2:42  Queen  
  32  2:52  Metabolic Boost, Drone x2  
  34  3:02  Drone  
  34  3:05  Overlord  
  34  3:09  Drone  
  35  3:23  Overlord, Queen  
  35  3:24  Drone x4  
  41  3:34  Spore Crawler  
  41  3:35  Drone x2  
  41  3:39  Drone  
  43  3:43  Queen  
  43  3:45  Spore Crawler  
  43  3:47  Drone x3  
  47  3:51  Drone x2  
  49  3:59  Drone x4  
  53  4:03  Zergling x4  
  53  4:07  Drone x2  
  57  4:13  Spore Crawler  
  57  4:17  Drone  
  57  4:19  Extractor x2  
  57  4:20  Overlord x2  
  57  4:23  Drone x3  
  56  4:27  Drone  
  57  4:37  Lair  
  57  4:38  Roach Warren, Drone x2  
  57  4:39  Evolution Chamber  
  57  4:45  Overlord  
  57  4:47  Drone x3  
  57  4:48  Drone  
  62  4:52  Zergling x2  
  62  4:53  Zergling x2  
  62  4:54  Drone x2  
  62  4:59  Drone x3  
  68  5:06  Drone x3  
  68  5:07  Drone  
  71  5:10  Zerg Missile Weapons Level 1  
  71  5:11  Drone  
  71  5:13  Extractor  
  71  5:14  Overlord  
  71  5:16  Drone  
  72  5:21  Drone x3  
  72  5:25  Extractor x2  
  72  5:26  Drone x2  
  73  5:37  Drone x7  
  80  5:44  Infestation Pit, Drone x5  
  80  5:48  Overlord  
  84  5:56  Overlord x2, Nydus Network  
  83  6:03  Hatchery  
  82  6:05  Overlord  
  82  6:08  Glial Reconstitution  
  82  6:11  Overlord x2  
  82  6:20  Drone  
  82  6:24  Overlord  
  82  6:25  Overseer  
  83  6:27  Swarm Host x4  
  83  6:28  Swarm Host  
  83  6:30  Swarm Host  
  101  6:34  Swarm Host  
  101  6:36  Swarm Host  
  107  6:41  Swarm Host x3  
  116  6:53  Nydus Canal  
  115  6:57  Swarm Host x3  
  124  7:02  Spore Crawler  
  123  7:08  Nydus Canal  
  123  7:12  Overlord x2  
  123  7:15  Zerg Melee Weapons Level 1  
  123  7:16  Baneling Nest  
  123  7:17  Queen  
  124  7:23  Nydus Canal  
  124  7:24  Roach x9  
  142  7:32  Swarm Host  
  144  7:42  Overlord x3  
  144  7:46  Drone x7  
  144  7:48  Hive  
  144  7:50  Nydus Canal  
  150  8:00  Spire  
  150  8:04  Centrifical Hooks  
  149  8:10  Overlord  
  149  8:11  Overlord  
  149  8:14  Zergling x32  
  149  8:16  Nydus Canal  
  165  8:21  Extractor  
  165  8:27  Zergling x18  
  165  8:33  Zergling x14  
  177  8:35  Baneling x13  
  177  8:38  Zergling x2  
  177  8:40  Ravager  
  177  8:41  Ravager  
  176  8:43  Zergling x8  
  180  8:56  Zergling x10  
  180  9:01  Baneling  
  180  9:02  Baneling x9  
  185  9:05  Hatchery  
  184  9:14  Greater Spire  
  184  9:24  Zerg Melee Weapons Level 2  
  184  9:25  Zergling x16  
  184  9:26  Zergling x4  
  184  9:27  Baneling x8  
  194  9:36  Extractor  
  194  9:37  Extractor  
  191  9:46  Nydus Canal  
  191  9:50  Zergling x6  
  187  10:00  Zergling x2  
  187  10:01  Zergling x10  
  187  10:06  Overlord x7  
  193  10:10  Overlord  
  193  10:15  Nydus Canal  
  193  10:22  Corruptor x3  
  199  10:40  Spore Crawler  
  198  10:48  Corruptor  
  199  10:50  Overlord  
  186  10:58  Zergling x26  
  182  11:04  Zergling x12  
  182  11:09  Brood Lord x3  
  171  11:18  Baneling x14  
  160  11:19  Brood Lord  
  160  11:20  Zergling x20  
  163  11:30  Zergling x4  
  150  11:36  Zergling x2  
  132  11:41  Zergling x4  
  128  11:52  Zergling x10  
  107  12:05  Nydus Network  
Tags
 
Add a new tag
Caveats
  • Supply blocks, unpowered buildings, or Contaminate may cause inaccurate times.
  • Supply counts are checked every 10 seconds.